 Dungeon Crawl Stone Soup version 0.27.1-2-g3b301248ec (webtiles) character file.

Game seed: 16160947327194050488

161 nightchill the Chopper (level 5, 0/48 HPs)
             Began as a Hill Orc Fighter on Sept 29, 2021.
             Slain by an orc (4 damage)
             ... on level 4 of the Dungeon.
             The game lasted 00:03:52 (2879 turns).

nightchill the Chopper (Hill Orc Fighter)           Turns: 2879, Time: 00:03:52

Health: 0/48       AC:  8    Str: 20    XL:     5   Next: 42%
Magic:  5/5        EV:  7    Int:  8    God:
Gold:   156        SH:  9    Dex: 10    Spells: 4/4 levels left

rFire    . . .     SeeInvis .   a - +0 war axe
rCold    . . .     Faith    .   c - +0 kite shield
rNeg     . . .     Spirit   .   b - +0 scale mail
rPois    .         Reflect  .   (no helmet)
rElec    .         Harm     .   (no cloak)
rCorr    .         Rampage  .   (no gloves)
Will     .....                  r - +0 pair of boots
Stlth    ..........             (no amulet)
HPRegen  0.16/turn              (no ring)
MPRegen  0.09/turn              (no ring)

@: mighty, lethally poisoned (0 -> -1), hasted, very quick
A: no striking features
a: no special abilities


You were on level 4 of the Dungeon.
You visited 1 branch of the dungeon, and saw 4 of its levels.

You collected 156 gold pieces.

Inventory:

Hand Weapons
 a - a +0 war axe (weapon)
 q - a +0 war axe
Missiles
 m - 30 poisoned darts (quivered)
Armour
 b - a +0 scale mail (worn)
 c - a +0 kite shield (worn)
 r - a +0 pair of boots (worn)
Magical Staves
 v - a staff of death
Jewellery
 e - a ring of ice
 h - a ring of protection from fire
Scrolls
 f - 2 scrolls of holy word {unknown}
 g - a scroll of noise {unknown}
 i - 3 scrolls of identify {unknown}
 j - a scroll of enchant weapon {unknown}
 k - 2 scrolls of teleportation {unknown}
 o - 2 scrolls of amnesia {unknown}
 p - a scroll of fear {unknown}
Potions
 n - a potion of berserk rage {unknown}
 s - a potion of lignification {unknown}
 t - a potion of curing {unknown}
 u - a potion of flight {unknown}


   Skills:
 + Level 5.0 Fighting
 * Level 6.1 Axes
 - Level 3.2 Armour
 - Level 3.2 Shields


You had 4 spell levels left.
You didn't know any spells.
Your spell library was empty.

Dungeon Overview and Level Annotations

Branches:
Dungeon (4/15)
 Temple: D:4-7

Altars:

Shops:
D:4 =


Message History

The ball python bites you but does no damage.
The ball python constricts you.
The hobgoblin hits you but does no damage.
You struggle against the net.
The adder bites you but does no damage.
The ball python bites you but does no damage.
The ball python constricts you. The adder bites you but does no damage.
The hobgoblin hits you but does no damage.
The jelly hits you but does no damage.
You struggle against the net.
The ball python bites you but does no damage.
The ball python constricts you. The adder bites you.
You are poisoned.
The adder poisons you!
The hobgoblin hits you but does no damage.
The jelly hits you but does no damage.
You shred the net and break free!
You feel sick. The ball python bites you. The ball python constricts you.
The adder bites you.
You are more poisoned.
The adder poisons you! You block the hobgoblin's attack.
The ball python bites you. The ball python constricts you.
The jelly jiggles.
The jelly hits you.
You are splashed with acid!
* * * LOW HITPOINT WARNING * * *
You escape the ball python's grasp.
You feel very sick. You block the gnoll's attack.
The orc hits you but does no damage. You block the jelly's attack.
The adder bites you.
* * * LOW HITPOINT WARNING * * *
You feel sick. You block the orc's attack.
You feel sick.
You feel sick.
The jackal bites you but does no damage.
There is an open door here.
You feel sick. You block the orc's attack.
You feel very mighty all of a sudden.
You feel sick. The orc hits you with a +0 club.
* * * LOW HITPOINT WARNING * * *
It was a potion of haste.
You feel yourself speed up.
You feel sick. The orc hits you with a +0 club.
You die...

.###+##+### #+########
...........#######...##...###
...........#...ohSg.........#
...........#..@#.∩..........#
...........#...#gJ..........#
...........'...#.........#..#
...........#...#............###
...........#...#........###...#
...........###+##.....#.# #†#.#
##########........#.......#
#....
<........#........#...#....
....# .........#........+... ..
##...


You could see a gnoll, an orc, a jackal and a ball python.

Vanquished Creatures
  A scorpion (D:3)
  A hound (D:4)
  An adder (D:4)
  7 orcs (D:3)
  8 ball pythons
  3 endoplasms
  5 hobgoblins
  10 jackals
  5 bats
  2 frilled lizards (D:1)
  2 goblins (D:1)
  4 rats
49 creatures vanquished.

Notes
Turn   | Place    | Note
-------+----------+-------------------------------------------
     0 | D:1      | nightchill the Hill Orc Fighter began the quest for the
                  | Orb.
     0 | D:1      | Reached XP level 1. HP: 19/19 MP: 1/1
   116 | D:1      | Reached skill level 3 in Axes
   136 | D:1      | Reached XP level 2. HP: 25/27 MP: 2/2
   297 | D:1      | Reached skill level 4 in Axes
   325 | D:1      | Reached XP level 3. HP: 33/33 MP: 3/3
  1282 | D:2      | Found a faded altar of an unknown god.
  1841 | D:3      | Noticed a scorpion
  1849 | D:3      | Killed a scorpion
  1850 | D:3      | Reached skill level 5 in Axes
  1850 | D:3      | Reached XP level 4. HP: 16/41 MP: 4/4
  2331 | D:3      | Reached XP level 5. HP: 47/47 MP: 5/5
  2742 | D:4      | Reached skill level 5 in Fighting
  2742 | D:4      | Reached skill level 6 in Axes
  2838 | D:4      | Found Feoph's Jewellery Shop.
  2879 | D:4      | Slain by an orc

Illustrated notes

Levels and vault maps discovered:
D:1:      scummos_arrival_simple_crosswalls, layout_loops_ring
D:2:      layout_loops_ring, dreamdust_ecumenical_altar_grove,
          kennysheep_generic_room_6
D:3:      layout_loops_ring, kennysheep_generic_room_9
D:4:      layout_gridville, amcnicky_altar_gilded, serial_shops, shop,
          minmay_fractal_squares_5

Skill      XL: |  1  2  3  4  5 |
---------------+----------------+-----
Axes           | 3 4 5 6 |  6.1
Fighting       | 4 5 |  5.0
Armour         | |  3.2
Shields        | |  3.2

Action                   |  1- 3 |  4- 6 || total
-------------------------+-------+-------++-------
Melee: War axe           |   103 |    20 ||   123
  Use: Potion            |       |     2 ||     2
Armor: Scale mail        |    51 |    32 ||    83
Dodge: Dodged            |    47 |     9 ||    56
Block: Kite shield       |    49 |    11 ||    60
